 Dungeon Crawl Stone Soup version 0.27.1-33-g824d729ab1 (webtiles) character file.

Game seed: 18282762626750507148

47 sking99 the Ruffian (level 3, -6/36 HPs)
             Began as an Ogre Transmuter on Dec 8, 2021.
             Mangled by Natasha (9 damage)
             ... on level 2 of the Dungeon.
             The game lasted 00:03:08 (2026 turns).

sking99 the Ruffian (Ogre Transmuter)               Turns: 2026, Time: 00:03:08

Health: -6/36      AC:  3    Str: 14    XL:     3   Next: 70%
Magic:  5/6        EV:  9    Int: 15    God:
Gold:   107        SH:  0    Dex:  9    Spells: 0/6 levels left

rFire    . . .     SeeInvis .     - Unarmed
rCold    . . .     Faith    .   (no shield)
rNeg     . . .     Spirit   .   a - +0 robe
rPois    .         Reflect  .   (helmet currently unavailable)
rElec    .         Harm     .   (no cloak)
rCorr    .         Rampage  .   (gloves unavailable)
Will     .....                  (boots unavailable)
Stlth    +.........             (no amulet)
HPRegen  0.12/turn              (no ring)
MPRegen  0.10/turn              (no ring)

@: appendages (expiring), slowed, invisible, very slow
A: horns 2, talons 2, large, unfitting armour, tough skin 1
a: End Transformation


You were on level 2 of the Dungeon.
You had temporarily grown beastly horns and talons.
You visited 1 branch of the dungeon, and saw 2 of its levels.

You collected 107 gold pieces.

Inventory:

Armour
 a - a +0 robe (worn)
Scrolls
 c - a scroll of fear {unknown}
 d - a scroll of amnesia {unknown}
 f - a scroll of immolation {unknown}
 g - 3 scrolls of teleportation {unknown}
 h - a scroll of fog {unknown}
 i - a scroll of vulnerability {unknown}
Potions
 e - a potion of resistance {unknown}


   Skills:
 + Level 2.4 Fighting
 - Level 1.7 Dodging
 * Level 3.4 Unarmed Combat
 - Level 2.4 Spellcasting
 + Level 2.3 Transmutations
 + Level 0.2 Poison Magic


You couldn't memorise any spells.
You knew the following spells:

 Your Spells              Type           Power      Damage    Failure   Level
a - Beastly Appendage     Tmut           16%        N/A       9%          1
b - Wereblood             Tmut           8%         N/A       12%         2
c - Spider Form           Tmut/Pois      2%         N/A       36%         3

Your spell library contained the following spells:

 Spells                   Type           Power      Damage    Failure   Level
 Ice Form                 Ice/Tmut       5%         N/A       78%         4


Dungeon Overview and Level Annotations

Branches:
Dungeon (2/15)

Altars:

Annotations:
D:2 Natasha


Innate Abilities, Weirdness & Mutations

You have temporarily grown beastly horns and talons.
You are too large for most types of armour.
You have tough skin. (AC +1)


Message History

Found a hand axe.
You see here a +0 hand axe.
Natasha, Servant of Life and Death comes into view.
Natasha hisses angrily.
Natasha stares at you and mumbles some strange words.
You feel yourself slow down.
Casting: Spider Form (quite dangerous; 36% risk of failure)
Confirm with . or Enter, or press ? or * to list all spells.
You miscast Beastly Appendage.
You are very lightly contaminated with residual magic.
Nothing appears to happen.
Natasha stares at you and mumbles some strange words.
The magic dart hits you.
Casting: Beastly Appendage (safe; 9% risk of failure)
Confirm with . or Enter, or press ? or * to list all spells.
You grow a pair of large bovine horns.
Your feet morph into talons.
Natasha claws you.
You closely miss Natasha. You headbutt Natasha, but do no damage.
Natasha barely misses you.
You barely miss Natasha. Your kick misses Natasha.
Your transformation is almost over.
Natasha claws you.
You hit Natasha. Your kick misses Natasha. Your punch misses Natasha.
Natasha is moderately wounded.
Natasha barely misses you. Natasha claws you.
Your magical contamination has completely faded away.
You closely miss Natasha. Your kick misses Natasha. Your punch misses Natasha.
Natasha is moderately wounded.
Natasha claws you.
You barely miss Natasha. Your headbutt misses Natasha.
Natasha is moderately wounded.
Natasha stares at you and mumbles some strange words.
The magic dart hits you.
* * * LOW HITPOINT WARNING * * *
Natasha claws you.
* * * LOW HITPOINT WARNING * * *
It was a potion of invisibility.
You fade into invisibility!
Natasha claws you!
You die...

.# ... .# ### .. .#
##..### ####.#
......h#.....# #@#
#..###########
#######.###..#.........)
.............#.#########
#######.###.##.# # #.#
#.##.# # #.# #)##.# #.#
#.##.### ##. .#.#
#.##...#### ..#.#.#
#......##.## #


You could see Natasha.

Vanquished Creatures
  An adder (D:2)
  A dart slug (D:2)
  3 ball pythons
  2 bats
  An endoplasm (D:1)
  2 giant cockroaches (D:1)
  2 goblins (D:1)
  5 hobgoblins (D:1)
  5 jackals
  A quokka (D:1)
  3 frilled lizards (D:1)
  3 kobolds (D:1)
  A rat (D:1)
30 creatures vanquished.

Notes
Turn   | Place    | Note
-------+----------+-------------------------------------------
     0 | D:1      | sking99 the Ogre Transmuter began the quest for the Orb.
     0 | D:1      | Reached XP level 1. HP: 19/19 MP: 3/3
   398 | D:1      | Reached skill level 3 in Unarmed Combat
   398 | D:1      | Reached XP level 2. HP: 17/28 MP: 3/5
   533 | D:1      | Found a faded altar of an unknown god.
  1210 | D:1      | Reached XP level 3. HP: 30/35 MP: 4/6
  1424 | D:1      | Learned a level 2 spell: Wereblood
  1428 | D:1      | Learned a level 3 spell: Spider Form
  2018 | D:2      | Noticed Natasha
  2026 | D:2      | Mangled by Natasha

Illustrated notes

Levels and vault maps discovered:
D:1:      onia_arrival_pyramid, layout_loops_corners,
          ebering_ecumenical_altar_petrified, minmay_split_cup_large
D:2:      layout_loops_ring, hangedman_decor_riveting, uniq_robin, uniq_natasha

Skill      XL: |  1  2 |
---------------+-------+-----
Unarmed Combat | 3 |  3.4
Transmutations | 2 |  2.3
Fighting       | 2 |  2.4
Dodging        | |  1.7
Spellcasting   | |  2.4
Poison Magic   | |  0.2

Action                   || total
-------------------------++-------
Melee: Unarmed           ||   129
       Kick              ||     7
       Headbutt          ||     3
 Cast: Beastly Appendage ||     5
       Spider Form       ||     1
  Use: Potion            ||     1
Armor: Robe              ||    50
       Skin              ||     1
Dodge: Dodged            ||    59
